 Dungeon Crawl Stone Soup version 0.20.0-10-g0535bb4 (webtiles) character file.

3182 Firecrotchwizard the Cleaver (level 9, -22/81 HPs)
             Began as a Minotaur Berserker on June 4, 2017.
             Was an Elder of Trog.
             Annihilated by an ettin
             ... wielding a +0 dire flail
              (35 damage)
             ... on level 8 of the Dungeon.
             The game lasted 00:16:37 (6989 turns).

Firecrotchwizard the Cleaver (Minotaur Berserker)   Turns: 6989, Time: 00:16:38

Health: -22/81     AC: 19    Str: 23    XL:     9   Next: 64%
Magic:  8/8        EV: 14    Int:  4    God:    Trog [****..]
Gold:   370        SH:  0    Dex: 12    Spells: 8/8 levels left

rFire    . . .     SeeInvis .   a - +0 hand axe
rCold    . . .     Gourm    .   (no shield)
rNeg     . . .     Faith    .   m - +0 chain mail
rPois    .         Spirit   .   (helmet restricted)
rElec    .         Reflect  .   (no cloak)
rCorr    .         Harm     .   u - +1 pair of gloves
MR       .....                  M - +0 pair of boots
Stlth    ..........             (no amulet)
Regen    0.3/turn               v - +5 ring of protection
MPRegen  0.2/turn               A - +3 ring of evasion

@: no status effects
A: retaliatory headbutt, horns 2
a: Berserk, Trog's Hand, Brothers in Arms, Burn Spellbooks, Renounce Religion


You were on level 8 of the Dungeon.
You worshipped Trog.
Trog was greatly pleased with you.
You were hungry.

You visited 1 branch of the dungeon, and saw 8 of its levels.

You collected 370 gold pieces.

Inventory:

Hand Weapons
 a - a +0 hand axe (weapon)
 b - a +1 hunting sling
   (You found it on level 1 of the Dungeon)
 f - a +2 short sword of electrocution
   (You took it off an orc on level 3 of the Dungeon)
 s - a +2 trident of distortion {!w}
   (You took it off an orc on level 7 of the Dungeon)
 E - a +2 trident of piercing
   (You found it on level 6 of the Dungeon)
Missiles
 e - 124 sling bullets
 J - a tomahawk (quivered)
Armour
 d - a +2 robe of cold resistance
   (You took it off Dowan on level 7 of the Dungeon)
 m - a +0 chain mail (worn)
   (You found it on level 2 of the Dungeon)
 u - a +1 pair of gloves (worn)
   (You found it on level 4 of the Dungeon)
 M - a +0 pair of boots (worn)
   (You found it on level 7 of the Dungeon)
Jewellery
 v - a +5 ring of protection (left hand)
   (You found it on level 4 of the Dungeon)
 A - a +3 ring of evasion (right hand)
   (You found it on level 5 of the Dungeon)
Wands
 g - a wand of flame (17/48)
   (You found it on level 3 of the Dungeon)
 x - a wand of disintegration (8/24)
   (You found it on level 4 of the Dungeon)
 F - a wand of disintegration (15/24)
   (You found it on level 7 of the Dungeon)
Scrolls
 h - 3 scrolls of enchant weapon
 i - 2 scrolls of teleportation
 o - 4 scrolls of identify
 w - a scroll of fog
 y - 2 scrolls of fear
 G - a scroll of magic mapping {!r}
 H - a scroll of enchant armour
Potions
 j - 4 potions of curing
 k - a potion of invisibility {unknown}
 l - 3 potions of ambrosia
 p - 3 potions of might
 t - 2 potions of brilliance
 z - a potion of haste {unknown}
 C - a potion of heal wounds {unknown}
 D - a potion of cancellation {unknown}
 K - a potion of agility {unknown}
Comestibles
 c - 6 bread rations {@e1}
 n - 2 fruits
 q - 3 meat rations {@e2}
 r - 5 chunks of flesh {@w0}
 B - 2 royal jellies


   Skills:
 + Level 8.1 Fighting
 * Level 10.8 Axes
 + Level 7.5 Armour
 + Level 7.1 Dodging


You had 8 spell levels left.
You didn't know any spells.

Dungeon Overview and Level Annotations

Branches:
Dungeon (8/15)             Temple (0/1) D:7
   Lair: D:8-11

Altars:
Dithmenos
Okawaru
Qazlal

Shops:
D:4 %   D:7 *


Innate Abilities, Weirdness & Mutations

You reflexively headbutt those who attack you in melee.
You have a pair of horns on your head.


Message History

You kill the orc!
Trog accepts your kill.
No target in view!
s - a trident of distortion {!w};
J - a tomahawk Your surroundings suddenly seem different.
No target in view!
J - 2 tomahawks (gained 1)
There is a stone staircase leading up here.
Done exploring.
Health restored: 80
(D) Dungeon (T) Temple
Where to? (Enter - D:7, ? - help)
There is a stone staircase leading up here.
There is a stone staircase leading down here.
You climb downwards.
There is a stone staircase leading up here.
You open the door.
There is an open door here.
You open the door.
A two-headed ogre and a howler monkey come into view.
The howler monkey howls!
The two-headed ogre shouts in stereo!
The two-headed ogre moves out of view.
There is an open door here.
Aim: a howler monkey You throw a tomahawk.
The tomahawk hits the howler monkey.
Aim: a howler monkey (moderately wounded)
You throw a tomahawk. The tomahawk hits the howler monkey.
The howler monkey hoots and howls with incredible vigour!
You hear a shout! x3; You hear a screech!
You hear two shouts!
You closely miss the howler monkey. You headbutt the howler monkey.
The howler monkey hits you.
You take 6 damage, and have 74/80 hp.
You slash the howler monkey!
You kill the howler monkey!
Trog accepts your kill.
You see here a howler monkey corpse.
You hit the two-headed ogre.
The two-headed ogre hits you but does no damage.
The two-headed ogre hits you with a giant club!
You take 14 damage, and have 60/80 hp.
You hit the two-headed ogre. You slash the two-headed ogre!
You headbutt the two-headed ogre. The two-headed ogre closely misses you.
The two-headed ogre hits you but does no damage.
You slash the two-headed ogre!
You hit the two-headed ogre but do no damage.
The two-headed ogre hits you with a giant club! x2
You take 22 damage, and have 39/80 hp.
MASSIVE DAMAGE!!
You are too injured to fight recklessly!
You are too injured to fight recklessly!
You are too injured to fight recklessly!
You are too injured to fight recklessly!
You hit the two-headed ogre.
You headbutt the two-headed ogre, but do no damage.
The two-headed ogre hits you with a giant club! x2
* * * LOW HITPOINT WARNING * * *
You take 17 damage, and have 22/80 hp.
MASSIVE DAMAGE!!
You hit the two-headed ogre. You slash the two-headed ogre!
The two-headed ogre barely misses you.
The two-headed ogre hits you but does no damage.
You barely miss the two-headed ogre. You headbutt the two-headed ogre!
You hit the two-headed ogre but do no damage.
You headbutt the two-headed ogre.
The two-headed ogre hits you with a giant club!
* * * LOW HITPOINT WARNING * * *
The two-headed ogre hits you with a giant club.
* * * LOW HITPOINT WARNING * * *
You take 13 damage, and have 10/80 hp.
You hit the two-headed ogre. You headbutt the two-headed ogre.
The two-headed ogre barely misses you. You furiously retaliate!
You headbutt the two-headed ogre!
You kill the two-headed ogre!
Trog accepts your kill.
Your Fighting skill increases to level 8!
Your Dodging skill increases to level 7!
Things that are here:
a giant club x2; a two-headed ogre corpse You butcher the two-headed ogre corpse.
r - 8 chunks of flesh {@w0} (gained 5)
Things that are here:
a giant club x2
Things that are here:
a giant club x2
J - a tomahawk An ettin comes into view.
It is wielding two dire flails.
There isn't anything here!
The ettin shouts in stereo!
Some of the chunks of flesh in your inventory have rotted away.
You see here a howler monkey corpse.
Your ogre goes berserk!
You are feeling hungry.
You fail to use your ability.
Your ogre barely misses the ettin.
Your ogre rages.
You hit the ettin but do no damage.
Your ogre hits the ettin with a giant club!!!
The ettin hits you with a dire flail!!
You die...

#####..............#
#...####'#.....<...#
#........#.........#
#........#.........#
#........#.........#
######'###.........#
#.(.†.............#
#(.)..............#
#..OC@...#+########
#........#
#........#
...........#
...######### ....
.... .....


You could see an ettin and a friendly ogre (berserk).

Vanquished Creatures
  A two-headed ogre (D:8)
  3 yaks (D:7)
  Eustachio (D:4)
  Duvessa (D:7)
  A black bear (D:7)
  A sky beast (D:5)
  6 ogres
  A centaur (D:7)
  2 bullfrogs (D:6)
  Dowan (D:7)
  A water moccasin zombie (D:6)
  2 scorpions
  2 howler monkeys
  3 crimson imps
  2 jellies
  4 hounds
  An orc wizard (D:7)
  2 bullfrog skeletons
  2 worker ants
  2 hound zombies
  A hound skeleton (D:7)
  A worker ant zombie (D:5)
  A howler monkey zombie (D:5)
  A howler monkey skeleton (D:7)
  8 adders
  An adder skeleton (D:7)
  2 adder zombies (D:7)
  A worm (D:5)
  5 dart slugs
  6 leopard geckos
  17 orcs
  9 giant cockroaches
  5 goblins
  13 hobgoblins
  10 jackals (D:3)
  2 quokkas (D:5)
  3 ball pythons
  10 bats
  12 frilled lizards
  A jackal skeleton (D:4)
  6 kobolds
  A leopard gecko skeleton (D:7)
  A quokka skeleton (D:4)
  5 rats
161 creatures vanquished.

Notes
Turn   | Place    | Note
-------+----------+-------------------------------------------
     0 | D:1      | Firecrotchwizard the Minotaur Berserker began the quest for the Orb.
     0 | D:1      | Reached XP level 1. HP: 19/19 MP: 0/0
   339 | D:1      | Reached XP level 2. HP: 7/26 MP: 1/1
   339 | D:1      | HP: 3/26 [leopard gecko (4)]
   340 | D:1      | Reached skill level 4 in Axes
   994 | D:1      | Reached XP level 3. HP: 33/33 MP: 2/2
  1511 | D:2      | Reached skill level 4 in Fighting
  1534 | D:2      | Reached ** piety under Trog
  1919 | D:2      | Reached skill level 3 in Dodging
  2222 | D:3      | Reached skill level 3 in Armour
  2246 | D:3      | Reached XP level 4. HP: 40/40 MP: 3/3
  2387 | D:3      | Reached skill level 5 in Axes
  2470 | D:3      | Found a transporter.
  2770 | D:3      | Reached XP level 5. HP: 43/47 MP: 4/4
  2784 | D:3      | Reached *** piety under Trog
  3481 | D:3      | Found a transporter.
  3633 | D:4      | Noticed an ogre
  3638 | D:4      | Killed an ogre
  3638 | D:4      | Reached skill level 4 in Armour
  3709 | D:4      | Noticed an ogre
  3716 | D:4      | Killed an ogre
  3716 | D:4      | Reached skill level 6 in Axes
  3716 | D:4      | Reached XP level 6. HP: 39/55 MP: 5/5
  3823 | D:4      | Noticed Eustachio
  3837 | D:4      | Reached skill level 5 in Fighting
  3837 | D:4      | Reached skill level 4 in Dodging
  3862 | D:4      | Killed Eustachio
  3862 | D:4      | Reached XP level 7. HP: 57/61 MP: 6/6
  3893 | D:4      | Found Bemuvug's Food Shoppe.
  4172 | D:4      | Reached skill level 7 in Axes
  4172 | D:4      | Reached skill level 5 in Armour
  4386 | D:5      | Entered Level 5 of the Dungeon
  4509 | D:5      | Got a steaming ring mail
  4520 | D:5      | Identified the +2 ring mail "Qyapsin" {*Slow rF+ Dex+5} (You found it on level 5 of the Dungeon)
  4877 | D:5      | Reached skill level 5 in Dodging
  5183 | D:6      | Reached skill level 6 in Fighting
  5183 | D:6      | Reached XP level 8. HP: 70/70 MP: 7/7
  5216 | D:6      | Reached skill level 8 in Axes
  5406 | D:6      | Reached **** piety under Trog
  5445 | D:6      | Found an iron altar of Okawaru.
  5445 | D:6      | Found a stormy altar of Qazlal.
  5447 | D:6      | Found a shadowy altar of Dithmenos.
  5818 | D:6      | Reached skill level 6 in Armour
  5983 | D:7      | Found a staircase to the Ecumenical Temple.
  5987 | D:7      | Reached skill level 9 in Axes
  6015 | D:7      | Noticed Dowan
  6016 | D:7      | Noticed Duvessa
  6033 | D:7      | Killed Duvessa
  6038 | D:7      | Killed Dowan
  6038 | D:7      | Reached skill level 6 in Dodging
  6148 | D:7      | Reached skill level 7 in Fighting
  6154 | D:7      | Reached XP level 9. HP: 44/79 MP: 8/8
  6479 | D:7      | Found Leuhuddu's General Store.
  6548 | D:7      | Reached skill level 10 in Axes
  6613 | D:7      | Reached skill level 7 in Armour
  6960 | D:8      | Noticed a two-headed ogre
  6975 | D:8      | HP: 11/80 [two-headed ogre/giant club (12)]
  6976 | D:8      | Killed a two-headed ogre
  6976 | D:8      | Reached skill level 8 in Fighting
  6976 | D:8      | Reached skill level 7 in Dodging
  6983 | D:8      | Noticed an ettin
  6989 | D:8      | Annihilated by an ettin

Skill      XL: |  1  2  3  4  5  6  7  8  9 |
---------------+----------------------------+-----
Axes           | 4 5 6 7 9 10 | 10.8
Fighting       | 4 5 6 7 8 |  8.1
Dodging        | 3 4 5 6 7 |  7.1
Armour         | 3 4 5 6 7 |  7.5

Action                   |  1- 3 |  4- 6 |  7- 9 || total
-------------------------+-------+-------+-------++-------
Melee: Hand axe          |    96 |    66 |    23 ||   185
       Headbutt          |    17 |    30 |    50 ||    97
       War axe           |       |    66 |   181 ||   247
Throw: Tomahawk          |       |    23 |   113 ||   136
Invok: Trog's Hand       |       |     1 |       ||     1
       Brothers in Arms  |       |       |     1 ||     1
  Use: Scroll            |       |     5 |     8 ||    13
  Eat: Chunk             |     4 |     4 |     9 ||    17
       Fruit             |       |     2 |     1 ||     3
Armor: Animal skin       |     4 |       |       ||     4
       Ring mail         |    14 |       |       ||    14
       Chain mail        |    19 |   102 |    95 ||   216
Dodge: Dodged            |    47 |    86 |   120 ||   253

Vault maps used:
D:1:      matt_arrival_debris, minmay_pentomino_o4
D:3:      gammafunk_wand_slinger
D:4:      serial_shops, shop, uniq_eustachio
D:5:      lemuel_upstairs_altar, first_bread
D:6:      gammafunk_temple_overflow_claw, kennysheep_generic_room_4
D:7:      minmay_temple_entry_glass, serial_shops, nicolae_shop_behind_doors,
          kennysheep_pointless_box, uniq_duvessa
D:8:      serial_shops, kennysheep_little_box, hangedman_pestilent_swarm,
          jmf_multi_god_temple, uniq_prince_ribbit1

Table legend:
 A = Turns spent in this place as a percentage of turns spent in the entire game.
 B = Non-inter-level travel turns spent in this place as a percentage of non-inter-level travel turns spent in the entire game.
 C = Inter-level travel turns spent in this place as a percentage of turns spent in this place.
 D = Turns resting spent in this place as a percentage of non-inter-level travel turns spent in this place.
 E = Turns spent auto-exploring this place as a percentage of non-inter-level travel turns spent in this place.
 F = Non-inter-level travel turns spent in this place divided by the number of levels of this place that you've seen.
                   A       B       C       D       E      F
               +-------+-------+-------+-------+-------+----------------------
         Total | 100.0 | 100.0 |   1.0 |   2.4 |  13.2 | 193.6
       Dungeon | 100.0 | 100.0 |   1.0 |   2.4 |  13.2 | 193.6
               +-------+-------+-------+-------+-------+----------------------

Table legend:
 A = Kills in this place as a percentage of kills in entire the game.
 B = Kills by you in this place as a percentage of kills by you in the entire game.
 C = Kills by friends in this place as a percentage of kills by friends in the entire game.
 D = Other kills in this place as a percentage of other kills in the entire game.
 E = Experience gained in this place as a percentage of experience gained in the entire game.
 F = Experience gained in this place divided by the number of levels of this place that you have seen.
                   A       B       C       D       E      F
               +-------+-------+-------+-------+-------+----------------------
         Total | 100.0 | 100.0 |  -nan |  -nan | 100.0 | 568.4
       Dungeon | 100.0 | 100.0 |  -nan |  -nan | 100.0 | 568.4
               +-------+-------+-------+-------+-------+----------------------
